 Dungeon Sprint DCSS version 0.22-a0-393-g7f50228948 (webtiles) character file.

432 Laan the Destroyer (level 7, -2/36 HPs)
             Began as a Gargoyle Fire Elementalist on May 3, 2018.
             Was an Initiate of Vehumet.
             Slain by a slime creature (18 damage)
             ... in the Dungeon (Sprint I: "Red Sonja").
             The game lasted 00:03:10 (622 turns).

Laan the Destroyer (Gargoyle Fire Elementalist)      Turns: 622, Time: 00:03:10

Health: -2/36      AC:  6    Str: 12    XL:     7   Next: 0%
Magic:  13/17      EV: 12    Int: 17    God:    Vehumet [......]
Gold:   302        SH:  0    Dex: 10    Spells: 6/19 levels left

rFire    . . .     SeeInvis .   j - +0 scythe
rCold    . . .     Gourm    .   (shield currently unavailable)
rNeg     + . .     Faith    .   a - +0 robe
rPois    ∞         Spirit   .   (no helmet)
rElec    +         Reflect  .   (no cloak)
rCorr    .         Harm     .   (no gloves)
MR       .....     NoTele   +   (no boots)
Stlth    ++........             (no amulet)
HPRegen  0.12/turn              (no ring)
MPRegen  0.15/turn              (no ring)

@: no status effects
A: negative energy resistance 1, electricity resistance, unbreathing,
petrification resistance, rot immunity, AC +4
a: Renounce Religion


You were in the Dungeon.
You worshipped Vehumet.
Vehumet was noncommittal.
You were not hungry.

You visited 1 branch You collected 302 gold pieces.

Inventory:

Hand Weapons
 j - a +0 scythe (weapon)
Missiles
 h - 21 stones (quivered)
Armour
 a - a +0 robe (worn)
Wands
 b - a wand of flame (24)
Scrolls
 i - a scroll of blinking
Potions
 d - a potion of curing
 e - a potion of heal wounds
 f - a potion of haste
 g - 2 potions of magic
Comestibles
 c - a ration


   Skills:
 - Level 1.5 Dodging
 - Level 2.1 Stealth
 + Level 6.9 Spellcasting
 * Level 11.0 Conjurations
 + Level 7.8 Fire Magic


You had 6 spell levels left.
You knew the following spells:

 Your Spells              Type           Power        Failure   Level  Hunger
a - Flame Tongue          Conj/Fire      #####        1%          1    None
b - Conjure Flame         Conj/Fire      #####...     1%          3    ##.....
c - Sticky Flame          Conj/Fire      #####...     2%          4    ####...
d - Fireball              Conj/Fire      #####.....   7%          5    #####..


Dungeon Overview and Level Annotations

Branches:
Dungeon (1/1)

Altars:
Cheibriados
Dithmenos
Elyvilon
Fedhas
Gozag
Hepliaklqana
Kikubaaqudgha
Makhleb
Nemelex Xobeh
Okawaru
Qazlal
Ru
Sif Muna
Trog
Uskayaw
Vehumet
Wu Jian
Xom
Yredelemnul
Zin
The Shining One
Jiyva
Lugonu

Shops:
D :


Innate Abilities, Weirdness & Mutations

You are resistant to torment.
Your stone body is resilient. (AC +4)
You are immune to poison.
You resist negative energy. (rN+)
You are resistant to electric shocks. (rElec)
You can survive without breathing.
You are immune to petrification.
You are immune to rotting.


Message History

The slime creature hits you.
Casting: Flame Tongue (safe; 1% risk of failure)
Confirm with . or Enter, or press ? or * to list all spells.
Aiming: Flame Tongue (safe; 1% risk of failure)
Press: ? - help, Shift-Dir - straight line, f/p - slime creature
Aim: a slime creature (lightly wounded)
The flame tongue hits the slime creature.
The slime creature is moderately wounded.
The slime creature hits you!!
Ouch! That really hurt!
Casting: Flame Tongue (safe; 1% risk of failure)
Confirm with . or Enter, or press ? or * to list all spells.
Aiming: Flame Tongue (safe; 1% risk of failure)
Press: ? - help, Shift-Dir - straight line, f/p - slime creature
Aim: a slime creature (moderately wounded)
The flame tongue hits the slime creature.
The slime creature is moderately wounded.
The slime creature hits you!!
Ouch! That really hurt!
You die...

################ ##
#<.#..)..#..'..#__#
#..[..#..'..#.@J^.+
#..#####'#####'#__#
#.[####..#...#.# ##
#..#__####..##.#
#..#_____##'#_.+
#⌠⌠#_.∩...'..._#
####_..__##_.#+#
#_____###+# #######


You could see a slime creature.

Vanquished Creatures
  Sigmund (D)
  A yak (D)
  An ogre (D)
  A jelly (D)
  Ijyb (D)
5 creatures vanquished.

Vanquished Creatures (others)
  A gargoyle (D)
1 creature vanquished.

Grand Total: 6 creatures vanquished

Notes
Turn   | Place    | Note
-------+----------+-------------------------------------------
     0 | D        | Laan the Gargoyle Fire Elementalist began the quest for the Orb.
     0 | D        | Reached XP level 1. HP: 10/10 MP: 3/3
     1 | D        | Noticed Ijyb
    14 | D        | Killed Ijyb
    14 | D        | Reached skill level 4 in Conjurations
    14 | D        | Reached XP level 2. HP: 10/15 MP: 0/6
    14 | D        | Reached XP level 3. HP: 13/19 MP: 0/7
    68 | D        | Killed a gargoyle
   152 | D        | Noticed an ogre
   159 | D        | Killed an ogre
   159 | D        | Reached skill level 7 in Conjurations
   159 | D        | Reached skill level 5 in Fire Magic
   159 | D        | Reached XP level 4. HP: 23/24 MP: 0/10
   242 | D        | Learned a level 3 spell: Conjure Flame
   247 | D        | Learned a level 4 spell: Sticky Flame
   250 | D        | Noticed Sigmund
   270 | D        | Killed Sigmund
   270 | D        | Reached skill level 5 in Spellcasting
   270 | D        | Reached skill level 9 in Conjurations
   270 | D        | Reached XP level 5. HP: 9/28 MP: 3/13
   270 | D        | Reached XP level 6. HP: 11/32 MP: 3/14
   282 | D        | Learned a level 5 spell: Fireball
   509 | D        | Found an ornate altar of the Wu Jian Council.
   509 | D        | Found a deep blue altar of Sif Muna.
   511 | D        | Found a radiant altar of Vehumet.
   518 | D        | Became a worshipper of Vehumet
   549 | D        | Found Jiess's Book Emporium.
   549 | D        | Found an ancient bone altar of Kikubaaqudgha.
   549 | D        | Found a hazy altar of Hepliaklqana.
   549 | D        | Found a stormy altar of Qazlal.
   549 | D        | Found a hide-covered altar of Uskayaw.
   549 | D        | Found a blossoming altar of Fedhas.
   549 | D        | Found a bloodstained altar of Trog.
   549 | D        | Found an iron altar of Okawaru.
   549 | D        | Found a basalt altar of Yredelemnul.
   549 | D        | Found a glowing golden altar of the Shining One.
   549 | D        | Found a snail-covered altar of Cheibriados.
   549 | D        | Found a sacrificial altar of Ru.
   549 | D        | Found a glowing silver altar of Zin.
   549 | D        | Found a shadowy altar of Dithmenos.
   549 | D        | Found a white marble altar of Elyvilon.
   549 | D        | Noticed a yak
   553 | D        | Killed a yak
   553 | D        | Reached skill level 11 in Conjurations
   553 | D        | Reached XP level 7. HP: 36/36 MP: 10/17
   597 | D        | Found an opulent altar of Gozag.
   598 | D        | Found a sparkling altar of Nemelex Xobeh.
   618 | D        | Found a burning altar of Makhleb.
   618 | D        | Found a viscous altar of Jiyva.
   618 | D        | Found a shimmering altar of Xom.
   618 | D        | Found a corrupted altar of Lugonu.
   618 | D        | Noticed a slime creature
   622 | D        | Slain by a slime creature

Vault maps used:
D:        dungeon_sprint_1

Skill      XL: |  1  2  3  4  5  6 |
---------------+-------------------+-----
Spellcasting   | 3 4 5 6 |  6.9
Conjurations   | 4 7 9 11 | 11.0
Fire Magic     | 4 5 6 7 |  7.8
Dodging        | |  1.5
Stealth        | |  2.1

Action                   |  1- 3 |  4- 6 |  7- 9 || total
-------------------------+-------+-------+-------++-------
Melee: Unarmed           |     9 |       |       ||     9
 Cast: Flame Tongue      |     8 |     7 |     4 ||    19
       Sticky Flame      |       |     1 |       ||     1
       Conjure Flame     |       |     1 |       ||     1
Evoke: Wand              |       |     1 |       ||     1
  Use: Potion            |     1 |       |       ||     1
Armor: Robe              |     1 |       |       ||     1
Dodge: Dodged            |     8 |     6 |       ||    14

Table legend:
 A = Spawn XP
 B = Non-spawn XP
 C = Spawn XP percentage of total XP
 D = Spawn monster count
 E = Non-spawn monster count
 F = Spawn count percentage of total count
 G = Total turns spent on level
                    A         B        C        D         E        F      G
               +---------+---------+-------+---------+---------+-------+---------
         Total |       0 |     618 |   0.0 |       0 |       5 |   0.0 |   622
               +---------+---------+-------+---------+---------+-------+---------
             D |       0 |     618 |   0.0 |       0 |       5 |   0.0 |   622
               +---------+---------+-------+---------+---------+-------+---------
